 Dungeon Crawl Stone Soup version 0.31-a0-702-gf82c85558f (webtiles) character file.

Game seed: 6203169527337777610

63 qw the Shooter (level 4, -12/28 HPs)
             Began as a Gargoyle Hunter on Sept 8, 2023.
             Was an Initiate of Okawaru.
             Killed by divine providence
             ... invoked by an orc priest
              (13 damage)
             ... on level 3 of the Dungeon.
             The game lasted 00:00:21 (1125 turns).

qw the Shooter (Gargoyle Hunter)                    Turns: 1125, Time: 00:00:21

Health: -12/28     AC:  6    Str: 15    XL:     4   Next: 10%
Magic:  4/4        EV: 11    Int:  9    God:    Okawaru [......]
Gold:   17         SH:  0    Dex: 15    Spells: 3/3 levels left

rFire   . . .        Y - +0 shortbow
rCold   . . .        (shield currently unavailable)
rNeg    + . .        c - +0 leather armour
rPois   inf          (no helmet)
rElec   +            (no cloak)
rCorr   .            (no gloves)
SInv    .            (no boots)
Will    .....        (no amulet)
Stlth   ++           (no ring)
HPRegen 0.24/turn    (no ring)
MPRegen 0.09/turn

%: no passive effects
@: no status effects
A: sickness immunity, AC +3, negative energy resistance 1, electricity
resistance, torment resistance 1, petrification resistance
a: Renounce Religion


You were on level 3 of the Dungeon.
You worshipped Okawaru.
Okawaru was noncommittal.
You visited 2 branches of the dungeon, and saw 5 of its levels.

You collected 17 gold pieces.


Innate Abilities, Weirdness & Mutations

You are immune to sickness and miasma.
Your stone body is resilient. (AC +3)
You are immune to poison.
You resist negative energy. (rN+)
You are resistant to electric shocks. (rElec)
You are resistant to unholy torment.
You are immune to petrification.


   Skills:
 - Level 3.3 Fighting
 + Level 5.0 Ranged Weapons
 - Level 1.5 Dodging
 - Level 1.1 Stealth


You had 3 spell levels left.
You didn't know any spells.
Your spell library was empty.

Inventory:

Hand Weapons
 Y - a +0 shortbow (weapon)
Armour
 c - a +0 leather armour (worn)
Scrolls
 a - a scroll of identify

Dungeon Overview and Level Annotations

Branches:
Dungeon (4/15)             Temple (1/1) D:4

Altars:
Elyvilon
Okawaru
Ru
Sif Muna
Trog
Uskayaw
Wu Jian
Yredelemnul


Message History

Beogh smites you!
Ouch! That really hurt!
You shoot an arrow. The arrow hits the orc wizard!
You kill the orc wizard!
Okawaru accepts your kill.
Your Fighting skill increases to level 3!
You have reached level 4!
You feel stronger.
You shoot an arrow. The arrow closely misses the rat.
The arrow hits the orc!
You kill the orc!
Okawaru accepts your kill. The rat barely misses you. x2
You shoot an arrow.
The arrow hits the rat but does no damage.
The rat closely misses you.
You shoot an arrow. The arrow closely misses the rat.
The arrow hits the orc priest.
The orc priest is moderately wounded.
The rat misses you.
You shoot an arrow. The arrow barely misses the rat.
The arrow hits the orc priest but does no damage.
The orc priest is moderately wounded.
The rat bites you but does no damage.
You shoot an arrow. The arrow completely misses the rat.
The arrow barely misses the orc priest.
The rat barely misses you.
You shoot an arrow. The arrow closely misses the rat.
The arrow closely misses the orc priest.
The rat bites you.
You shoot an arrow. The arrow closely misses the rat.
The arrow hits the orc priest!
The orc priest is severely wounded.
The rat bites you. x2
You shoot an arrow. The arrow hits the rat.
You kill the rat!
Okawaru accepts your kill.
You shoot an arrow.
The arrow closely misses the orc priest.
The orc priest invokes the aid of Beogh against you.
Beogh smites you!
You die...

### #.. #.# #.#
## #@# ...####o#
#
#.....)##.#####
###.#.#.>.......
#...............
#.#.#.##.#......
..... ..#####.#
..#.# ... # .#..
.#.##


You could see an orc priest.

Vanquished Creatures
  An orc wizard (D:3)
  An adder (D:4)
  A dart slug (D:4)
  An orc (D:3)
  2 ball pythons (D:1)
  A bat (D:1)
  An endoplasm (D:1)
  A giant cockroach (D:1)
  2 goblins (D:4)
  A hobgoblin (D:1)
  5 kobolds
  4 quokkas
  A frilled lizard (D:1)
  4 rats
26 creatures vanquished.

Notes
Turn   | Place    | Note
-------+----------+-------------------------------------------
     0 | D:1      | qw the Gargoyle Hunter began the quest for the Orb.
     0 | D:1      | Reached XP level 1. HP: 12/12 MP: 1/1
     0 | D:1      | 0 ||| qw: Version: 0.3-a-76-g4403597
     0 | D:1      | 0 ||| qw: Game counter: 981
     0 | D:1      | 0 ||| qw: Melee chars always use a shield: true
     0 | D:1      | 0 ||| qw: God list: Okawaru
     0 | D:1      | 0 ||| qw: Allow faded altars: false
     0 | D:1      | 0 ||| qw: Do Orc after clearing Dungeon:15 true
     0 | D:1      | 0 ||| qw: Do second Lair branch before Depths: true
     0 | D:1      | 0 ||| qw: Lair rune preference: random
     0 | D:1      | 0 ||| qw: Goals: Normal
     0 | D:1      | 0 ||| PLANNING D:1-11
    20 | D:1      | Found a faded altar of an unknown god.
    96 | D:1      | HP: 3/12 [quokka (2)]
    98 | D:1      | Reached XP level 2. HP: 5/17 MP: 2/2
    99 | D:1      | HP: 1/17 [kobold/+0 short sword (3)]
   830 | D:1      | 830 ||| READING scroll labelled AFRAXKERAJ.
   833 | D:1      | 833 ||| READING scroll labelled POTI SEIHETU.
   834 | D:1      | 834 ||| DRINKING 2 viscous golden potions.
   855 | D:1      | 855 ||| DROPPING scroll of butterflies.
   856 | D:1      | 856 ||| DROPPING potion of lignification.
   907 | D:2      | You fall into a shaft and drop 2 floors!
   932 | D:4      | Reached skill level 5 in Ranged Weapons
   932 | D:4      | Reached XP level 3. HP: 17/21 MP: 3/3
   976 | D:4      | Found a staircase to the Ecumenical Temple.
   977 | D:4      | 977 ||| PLANNING TEMPLE
   980 | D:4      | 980 ||| READING 2 scrolls labelled GOSATORI ANOY.
   989 | Temple   | Entered the Ecumenical Temple
   990 | Temple   | 990 ||| PLANNING OKAWARU WORSHIP
  1043 | Temple   | Became a worshipper of Warmaster Okawaru
  1044 | Temple   | 1044 ||| PLANNING D:1-11
  1107 | D:3      | 1107 ||| RETREATING.
  1108 | D:3      | 1108 ||| Stepping ~*~*~tactically~*~*~ (retreating).
  1111 | D:3      | 1111 ||| Stepping ~*~*~tactically~*~*~ (retreating).
  1112 | D:3      | 1112 ||| Stepping ~*~*~tactically~*~*~ (retreating).
  1113 | D:3      | 1113 ||| Stepping ~*~*~tactically~*~*~ (retreating).
  1115 | D:3      | HP: 2/22 [orc priest/divine providence (11)]
  1117 | D:3      | Reached skill level 3 in Fighting
  1117 | D:3      | Reached XP level 4. HP: 3/28 MP: 4/4
  1122 | D:3      | HP: 3/28 [rat (1)]
  1123 | D:3      | HP: 1/28 [rat (2)]
  1125 | D:3      | Killed from afar by an orc priest

Levels and vault maps discovered:
D:1:      lightli_arrival_isolated_outpost, layout_basic,
          dreamdust_ecumenical_altar_statues, nicolae_titane
D:2:      layout_loops_ring, basic_altar, minmay_fountain_box,
          nicolae_half_adder, uniq_natasha, uniq_crazy_yiuf_cottage
D:3:      minmay_evil_eye, layout_basic, marbit_many_paths, tso_metal_star,
          general_overflow_altar, gammafunk_temple_overflow_arena, serial_shops,
          nicolae_shop_bloodbath_and_beyond, st_stairs_13
D:4:      layout_cave_pools, minmay_temple_entry_tees
Temple:   pf_temple_reverse_labyrinth

Skill      XL: |  1  2  3 |
---------------+----------+-----
Ranged Weapons | 5 |  5.0
Fighting       | 3 |  3.3
Dodging        | |  1.5
Stealth        | |  1.1

Action                     |  1- 3 |  4- 6 || total
---------------------------+-------+-------++-------
   Fire: Shortbow          |    75 |     9 ||    84
    Use: Scroll            |     3 |       ||     3
         Potion            |     1 |       ||     1
 Armour: Leather armour    |    36 |     4 ||    40
  Dodge: Dodged            |    32 |     5 ||    37

Table legend:
 A = Non-vault XP
 B = Vault XP
 C = Vault XP percentage of total XP
 D = Non-vault monster count
 E = Vault monster count
 F = Vault count percentage of total count
                 A         B        C        D         E       F
            +---------+---------+-------+---------+---------+-------
      Total |      91 |       0 |   0.0 |      26 |       0 |   0.0
            +---------+---------+-------+---------+---------+-------
        D:1 |      24 |       0 |   0.0 |      15 |       0 |   0.0
        D:3 |      39 |       0 |   0.0 |       3 |       0 |   0.0
        D:4 |      28 |       0 |   0.0 |       8 |       0 |   0.0
            +---------+---------+-------+---------+---------+-------
